 Dungeon Crawl Stone Soup version 0.32-a0-900-g30fb1b0edc (webtiles) character file.

Game seed: 16818476560974393889

578 Rohain the Slasher (level 7, -3/54 (56) HPs)
             Began as a Gnoll Reaver on Apr 6, 2024.
             Succumbed to a water moccasin's poison
             ... on level 5 of the Dungeon.
             The game lasted 00:05:28 (4727 turns).

Rohain the Slasher (Gnoll Reaver)                   Turns: 4727, Time: 00:05:28

HP:   -3/54 (56)    AC:  8    Str: 13    XL:     7   Next: 35%
MP:   11/15         EV: 10    Int: 13    God:
Gold: 250           SH:  0    Dex: 10    Spells: 14/17 levels left

rFire   . . .        j - +2 short sword (flame)
rCold   . . .        (no shield)
rNeg    . . .        s - +3 ring mail
rPois   .            (no helmet)
rElec   .            (no cloak)
rCorr   +            (no gloves)
SInv    .            (no boots)
Will    .....        (no amulet)
Stlth   +            i - ring of resist corrosion
HPRegen 0.29/turn    (no ring)
MPRegen 0.14/turn

%: no passive effects
@: mighty, lethally poisoned (-3 -> -25), lightly drained
A: fangs 1, strong nose, distributed training
a: no special abilities


You were on level 5 of the Dungeon.
You visited 1 branch of the dungeon, and saw 5 of its levels.

You collected 250 gold pieces.

Inventory:

Hand Weapons
 a - a +0 falchion
 c - a +1 short sword of venom
 j - a +2 short sword of flaming (weapon)
 t - a +2 short sword of holy wrath
Missiles
 e - 2 boomerangs
Armour
 b - a +0 leather armour
 s - a +3 ring mail (worn)
Magical Staves
 m - a staff of alchemy
Jewellery
 i - a ring of resist corrosion (left hand)
Scrolls
 f - 3 scrolls of noise {unknown}
 g - 2 scrolls of amnesia {unknown}
 l - a scroll of enchant weapon {unknown}
 n - a scroll of fog {unknown}
 o - a scroll of teleportation {unknown}
 p - 4 scrolls of immolation
 u - a scroll of silence {unknown}
 v - a scroll of revelation {unknown}
Potions
 d - 2 potions of haste
 h - a potion of attraction {unknown}
 k - a potion of might
 q - a potion of magic {unknown}
 r - a potion of mutation {unknown}


   Skills:
 + Level 5.2 Fighting
 + Level 2.5 Short Blades
 + Level 7.0 Long Blades
 + Level 2.5 Axes
 + Level 2.5 Maces & Flails
 + Level 2.5 Polearms
 + Level 2.5 Staves
 + Level 2.5 Ranged Weapons
 + Level 2.5 Throwing
 + Level 2.5 Armour
 + Level 5.2 Dodging
 + Level 2.5 Stealth
 + Level 2.5 Shields
 + Level 2.5 Unarmed Combat
 + Level 5.6 Spellcasting
 + Level 5.8 Conjurations
 + Level 2.0 Hexes
 + Level 2.0 Summonings
 + Level 2.0 Necromancy
 + Level 2.0 Translocations
 + Level 2.0 Fire Magic
 + Level 2.0 Ice Magic
 + Level 2.0 Air Magic
 + Level 2.0 Earth Magic
 + Level 2.0 Alchemy
 + Level 2.8 Invocations
 + Level 2.5 Evocations
 + Level 2.3 Shapeshifting


You had 14 spell levels left.
You knew the following spells:

 Your Spells              Type           Power      Damage    Failure   Level
a - Kiss of Death         Conj/Necr      56%        2d9       7%          1
b - Momentum Strike       Conj/Tloc      28%        3d8       11%         2

Your spell library contained the following spells:

 Spells                   Type           Power      Damage    Failure   Level
 Apportation              Tloc           18%        N/A       16%         1
 Jinxbite                 Hex            18%        N/A       22%         2
 Hailstorm                Conj/Ice       14%        3d6       22%         3
 Alistair's Intoxication  Alch           6%         N/A       99%         5


Dungeon Overview and Level Annotations

Branches:
Dungeon (5/15)
 Temple: D:4-7

Altars:
Cheibriados
Kikubaaqudgha
Yredelemnul
Zin
The Shining One

Annotations:
D:3 3 runed translucent doors, Eugor's ghost, amateur DECj
D:4 2 transporters, Fodor's ghost, novice MiFi
D:5 3 runed translucent doors, Doorstop00's ghost, novice MiBe


Innate Abilities, Weirdness & Mutations

You have very sharp teeth.
Your uncanny sense of smell can sniff out nearby items.
Your experience applies equally to all skills.


Message History

You feel very sick. The water moccasin bites you.
* * * LOW HITPOINT WARNING * * *
Your magical contamination has completely faded away.
Unknown command.
You hit the water moccasin. You burn the water moccasin.
The water moccasin is almost dead.
* * * LOW HITPOINT WARNING * * *
You feel very sick. The water moccasin barely misses you.
You closely miss the water moccasin.
The water moccasin is almost dead.
* * * LOW HITPOINT WARNING * * *
You feel sick. The water moccasin bites you.
* * * LOW HITPOINT WARNING * * *
You are more poisoned.
The water moccasin poisons you!
Casting: Momentum Strike (safe; 12% risk of failure)
Confirm with . or Enter, or press ? or * to list all spells.
Aiming: Kiss of Death (safe; 8% risk of failure)
Press: ? - help, Shift-Dir - straight line, f/p - water moccasin
Aim: a water moccasin (almost dead, 100% to hit)
The fragment of death hits the water moccasin!
The water moccasin is drained!
You kill the water moccasin!
You feel drained.
* * * LOW HITPOINT WARNING * * *
You feel very sick.
Your Hexes skill increases to level 2!
Your Summonings skill increases to level 2!
Your Necromancy skill increases to level 2!
Your Translocations skill increases to level 2!
Your Fire Magic skill increases to level 2!
Your Ice Magic skill increases to level 2!
Your Air Magic skill increases to level 2!
Your Earth Magic skill increases to level 2!
Your Alchemy skill increases to level 2!
It was a potion of might.
You feel very mighty all of a sudden.
You are no longer robbed of momentum.
You die...

...#...##.....####...
+###...##.....#.....#
.###...##.....#.....#.#
...'.........##........
..##.....#.......#.#...
......................
......................
.................##..
.......##.......@.#
...[...##.......†.#
.................$#
..................#
............#
............#
.#.........#
#.##....... #.......


There were no monsters in sight!

Vanquished Creatures
  2 water moccasins (D:5)
  2 scorpions (D:4)
  A howler monkey (D:5)
  A hound (D:3)
  An iguana (D:4)
  7 adders
  A white imp (D:5)
  2 dart slugs (D:1)
  A ribbon worm (D:2)
  4 orcs
  5 ball pythons
  5 bats
  2 endoplasms
  3 giant cockroaches
  12 goblins
  9 hobgoblins
  4 jackals (D:2)
  3 quokkas
  5 frilled lizards
  6 kobolds
  8 rats
84 creatures vanquished.

Notes
Turn   | Place    | Note
-------+----------+-------------------------------------------
     0 | D:1      | Rohain the Gnoll Reaver began the quest for the Orb.
     0 | D:1      | Reached XP level 1. HP: 20/20 MP: 6/6
    99 | D:1      | Reached XP level 2. HP: 26/26 MP: 7/7
   470 | D:1      | Reached skill level 5 in Spellcasting
   470 | D:1      | Reached XP level 3. HP: 28/28 MP: 7/9
  1037 | D:2      | Reached skill level 1 in Invocations
  1187 | D:2      | Reached skill level 1 in Short Blades
  1187 | D:2      | Reached skill level 1 in Axes
  1187 | D:2      | Reached skill level 1 in Maces & Flails
  1187 | D:2      | Reached skill level 1 in Polearms
  1187 | D:2      | Reached skill level 1 in Staves
  1187 | D:2      | Reached skill level 1 in Ranged Weapons
  1187 | D:2      | Reached skill level 1 in Throwing
  1187 | D:2      | Reached skill level 1 in Armour
  1187 | D:2      | Reached skill level 1 in Stealth
  1187 | D:2      | Reached skill level 1 in Shields
  1187 | D:2      | Reached skill level 1 in Unarmed Combat
  1187 | D:2      | Reached skill level 1 in Evocations
  1346 | D:2      | Reached skill level 1 in Shapeshifting
  1346 | D:2      | Reached XP level 4. HP: 38/38 MP: 11/11
  1359 | D:2      | Learned a level 2 spell: Momentum Strike
  1728 | D:2      | Reached skill level 1 in Hexes
  1728 | D:2      | Reached skill level 1 in Summonings
  1728 | D:2      | Reached skill level 1 in Necromancy
  1728 | D:2      | Reached skill level 1 in Translocations
  1728 | D:2      | Reached skill level 1 in Fire Magic
  1728 | D:2      | Reached skill level 1 in Ice Magic
  1728 | D:2      | Reached skill level 1 in Air Magic
  1728 | D:2      | Reached skill level 1 in Earth Magic
  1728 | D:2      | Reached skill level 1 in Alchemy
  2027 | D:3      | Found a glowing golden altar of the Shining One.
  2030 | D:3      | Found a glowing silver altar of Zin.
  2032 | D:3      | Found a snail-covered altar of Cheibriados.
  2032 | D:3      | Found a basalt altar of Yredelemnul.
  2074 | D:3      | Reached XP level 5. HP: 31/43 MP: 12/12
  2365 | D:3      | Found a runed translucent gate.
  2365 | D:3      | Found a runed translucent gate.
  2365 | D:3      | Found a runed translucent gate.
  2419 | D:3      | Found a faded altar of an unknown god.
  2648 | D:3      | Noticed Eugor's ghost (amateur DECj)
  2706 | D:4      | Found a transporter.
  2719 | D:4      | Noticed an ogre
  2720 | D:4      | Noticed Fodor's ghost (novice MiFi)
  2723 | D:4      | Noticed an ogre
  2724 | D:4      | Found a transporter.
  2724 | D:4      | Noticed an ogre
  2838 | D:4      | HP: 1/37 [scorpion (5)]
  3209 | D:4      | Reached XP level 6. HP: 15/50 MP: 14/14
  3502 | D:4      | Reached skill level 5 in Fighting
  3502 | D:4      | Reached skill level 5 in Dodging
  3607 | D:4      | Found an ancient bone altar of Kikubaaqudgha.
  4428 | D:5      | Entered Level 5 of the Dungeon
  4522 | D:5      | Noticed a water moccasin
  4535 | D:5      | Killed a water moccasin
  4536 | D:5      | Reached skill level 7 in Long Blades
  4536 | D:5      | Reached XP level 7. HP: 23/56 MP: 12/15
  4688 | D:5      | Found a runed translucent gate.
  4689 | D:5      | Found a runed translucent gate.
  4690 | D:5      | Found a runed translucent gate.
  4692 | D:5      | Noticed Doorstop00's ghost (novice MiBe)
  4726 | D:5      | HP: 2/48 [poisoned by a water moccasin]
  4727 | D:5      | Succumbed to a water moccasin's poison

Illustrated notes

Levels and vault maps discovered:
D:1:      tarquinn_simple_flora_water_a, layout_basic
D:2:      layout_loops_cross
D:3:      layout_basic, grunt_temple_overflow_open, gammafunk_ghost_icy,
          hellmonk_ecumenical_altar_heavens_door, chequers_serial_rivers_room_b,
          mrwooster_statue_mirror, chequers_avenue
D:4:      layout_basic, nicolae_kikubaaqudgha_miasma_corner,
          gammafunk_ghost_smash
D:5:      layout_basic, minmay_temple_entry_grid, ebering_ghost_rock_garden,
          serial_shops, nicolae_shop_real_fake_doors, uniq_crazy_yiuf_cottage

Skill      XL: |  1  2  3  4  5  6  7 |
---------------+----------------------+-----
Spellcasting   | 5 |  5.6
Invocations    | 1 2 |  2.8
Short Blades   | 1 2 |  2.5
Axes           | 1 2 |  2.5
Maces & Flails | 1 2 |  2.5
Polearms       | 1 2 |  2.5
Staves         | 1 2 |  2.5
Ranged Weapons | 1 2 |  2.5
Throwing       | 1 2 |  2.5
Armour         | 1 2 |  2.5
Stealth        | 1 2 |  2.5
Shields        | 1 2 |  2.5
Unarmed Combat | 1 2 |  2.5
Evocations     | 1 2 |  2.5
Shapeshifting  | 1 2 |  2.3
Hexes          | 1 2 |  2.0
Summonings     | 1 2 |  2.0
Necromancy     | 1 2 |  2.0
Translocations | 1 2 |  2.0
Fire Magic     | 1 2 |  2.0
Ice Magic      | 1 2 |  2.0
Air Magic      | 1 2 |  2.0
Earth Magic    | 1 2 |  2.0
Alchemy        | 1 2 |  2.0
Fighting       | 5 |  5.2
Dodging        | 5 |  5.2
Long Blades    | 7 |  7.0
Conjurations   | |  5.8

Action                     |  1- 3 |  4- 6 |  7- 9 || total
---------------------------+-------+-------+-------++-------
  Melee: Falchion          |     8 |       |       ||     8
         Short sword       |    97 |   215 |     7 ||   319
         Bite              |     6 |    20 |     1 ||    27
  Throw: Boomerang         |       |     1 |       ||     1
   Cast: Kiss of Death     |     1 |     1 |     1 ||     3
         Momentum Strike   |       |     5 |     1 ||     6
    Use: Potion            |       |     4 |     1 ||     5
         Scroll            |       |     2 |       ||     2
   Stab: Sleeping          |     1 |       |       ||     1
 Armour: Leather armour    |    78 |    86 |       ||   164
         Ring mail         |       |    26 |     7 ||    33
  Dodge: Dodged            |    61 |   119 |     3 ||   183

Table legend: (Time is in decaauts)
 A = Elapsed time spent in this place.
 B = Non-inter-level travel time spent in this place.
 C = Inter-level travel time spent in this place.
 D = Time resting spent in this place.
 E = Time spent auto-exploring this place.
 F = Levels seen in this place.
 G = Mean time per level.
                   A        B        C        D        E       F      G
               +--------+--------+--------+--------+--------+-----+--------+
         Total |   4705 |   4608 |     97 |   1152 |   2685 |   5 |  941.0 |
       Dungeon |   4705 |   4608 |     97 |   1152 |   2685 |   5 |  941.0 |
               +--------+--------+--------+--------+--------+-----+--------+

Top non-repeatable levels by time:
     D:4: 1711 daAuts
     D:1: 1023 daAuts
     D:2: 876 daAuts
     D:3: 800 daAuts
     D:5: 294 daAuts
